 Dungeon Crawl Stone Soup version 0.20.1-1-g8b1a95d (webtiles) character file.

55 empire the Grave Robber (level 3, -2/24 HPs)
             Began as a Mummy Necromancer on Sept 22, 2017.
             Slain by a gnoll
             ... wielding a +0 whip
              (6 damage)
             ... on level 2 of the Dungeon.
             The game lasted 00:03:21 (1534 turns).

empire the Grave Robber (Mummy Necromancer)         Turns: 1534, Time: 00:03:21

Health: -2/24      AC:  3    Str: 11    XL:     3   Next: 67%
Magic:  5/8        EV: 12    Int: 15    God:
Gold:   100        SH:  0    Dex: 12    Spells: 6/10 levels left

rFire    x . .     SeeInvis .   a - +0 club
rCold    + . .     Gourm    .   (no shield)
rNeg     + + +     Faith    .   c - +0 robe
rPois    ∞         Spirit   .   (no helmet)
rElec    .         Reflect  .   (no cloak)
rCorr    .         Harm     .   e - +0 pair of gloves
MR       .....                  (no boots)
Stlth    ++........             (no amulet)
Regen    0.1/turn               (no ring)
MPRegen  0.2/turn               (no ring)

@: no status effects
A: no food or potions, fire vulnerability, cold resistance 1, negative energy
resistance 3, torment resistance, unbreathing
a: no special abilities


You were on level 2 of the Dungeon.
You were not hungry.

You visited 1 branch of the dungeon, and saw 2 of its levels.

You collected 100 gold pieces.

Inventory:

Hand Weapons
 a - a +0 club (weapon)
 b - a +0 dagger
Armour
 c - a +0 robe (worn)
 e - a +0 pair of gloves (worn)
Jewellery
 j - an uncursed ring of protection from magic {unknown}
Scrolls
 f - 2 scrolls of immolation {unknown}
 g - a scroll of remove curse {unknown}
 h - a scroll of enchant armour {unknown}
 i - a scroll of identify {unknown}
Books
 d - a book of Necromancy

   Spells                             Type                      Level
   a - Pain                           Necromancy                   1
   b - Animate Skeleton               Necromancy                   1
   c - Vampiric Draining              Necromancy                   3
   d - Regeneration                   Charms/Necromancy            3
   e - Animate Dead                   Necromancy                   4
   f - Control Undead                 Necromancy                   4


   Skills:
 - Level 1.5 Dodging
 - Level 1.5 Stealth
 + Level 4.0 Spellcasting
 + Level 4.7 Necromancy


You had 6 spell levels left.
You knew the following spells:

 Your Spells              Type           Power        Failure   Level  Hunger
a - Pain                  Necr           ###.         2%          1    N/A
b - Vampiric Draining     Necr           ###.......   8%          3    N/A

Dungeon Overview and Level Annotations

Branches:
Dungeon (2/15)

Altars:


Innate Abilities, Weirdness & Mutations

You do not eat or drink.
Your flesh is vulnerable to fire.
You are immune to poison.
Your flesh is cold resistant. (rC+)
You are immune to negative energy. (rN+++)
You are immune to unholy pain and torment.
You can survive without breathing.


Message History

Aim: a gnoll, wielding a flail (lightly wounded, chance to defeat MR: 82%)
The gnoll barely resists.
You closely miss the gnoll.
The gnoll is lightly wounded.
The gnoll barely misses you.
You hit the gnoll but do no damage.
The gnoll is lightly wounded.
The gnoll hits you with a flail!
Ouch! That really hurt!
* * * LOW HITPOINT WARNING * * *
The gnoll hits you with a flail.
* * * LOW HITPOINT WARNING * * *
You see here a quokka skeleton.
The gnoll hits you but does no damage.
Found an agate ring.
Found a scroll labeled GAOMOT PECKA.
You see here an agate ring.
j - an agate ring The gnoll hits you with a whip.
You die...

#..............#......#####
##!...........####..#.).†...
#...#.#.###............#####
#.....#.###...#####....#
#......................#
#...###.###....#####...#####
#.......# #....# #.>......
#...##..# #..?.#####.).#####
######.##..###@.....%..........
###..<##.##...gg..#.#####.#.####.
............g.............#.# #.
..................#.........# #.
...######.######..#.....########.
...............#..#.#... ........
.#.#.####g###.##..#.#.#.########.
.#...# #.###.##....#.#.# #.
.########g#....#....#.#.# #.


You could see 3 gnolls.

Vanquished Creatures
  A gnoll (D:2)
  An adder (D:2)
  An ooze (D:1)
  3 dart slugs
  A giant cockroach (D:1)
  4 goblins
  3 hobgoblins
  A quokka (D:2)
  5 bats (D:1)
  2 frilled lizards
  2 kobolds
  2 rats
26 creatures vanquished.

Notes
Turn   | Place    | Note
-------+----------+-------------------------------------------
     0 | D:1      | empire the Mummy Necromancer began the quest for the Orb.
     0 | D:1      | Reached XP level 1. HP: 13/13 MP: 4/4
   218 | D:1      | Reached XP level 2. HP: 18/19 MP: 1/6
   879 | D:2      | Reached XP level 3. HP: 18/24 MP: 8/8
   884 | D:2      | Learned a level 3 spell: Vampiric Draining
  1493 | D:2      | HP: 1/24 [gnoll/flail (3)]
  1534 | D:2      | Slain by a gnoll

Skill      XL: |  1  2  3 |
---------------+----------+-----
Spellcasting   | 3 4 |  4.0
Dodging        | |  1.5
Stealth        | |  1.5
Necromancy     | |  4.7

Action                   || total
-------------------------++-------
Melee: Unarmed           ||     7
       Club              ||    41
 Cast: Pain              ||    56
 Stab: Sleeping          ||     1
Armor: Robe              ||    22
Dodge: Dodged            ||    50
